 Dungeon Crawl Stone Soup version 0.25.0-11-g1f837a76a1 (webtiles) character file.

Game seed: 2953376848193896478

61583 Curus the Warrior (level 15, -2/144 HPs)
             Began as a Hill Orc Fighter on June 27, 2020.
             Was the Champion of Beogh.
             Killed by divine providence
             ... invoked by Saint Roka
              (17 damage)
             ... on level 2 of the Orcish Mines.
             The game lasted 02:01:10 (17485 turns).

Curus the Warrior (Hill Orc Fighter)               Turns: 17485, Time: 02:01:11

Health: -2/144     AC: 30    Str: 21    XL:     15   Next: 3%
Magic:  19/19      EV:  6    Int:  8    God:    Beogh [******]
Gold:   1277       SH: 13    Dex: 15    Spells: 14/14 levels left

rFire    + + .     SeeInvis .   C - +5 trident of the Elven Halls {freeze, MR++}
rCold    . . .     Gourm    .   J - +1 kite shield {rF+}
rNeg     . . .     Faith    .   K - +5 plate armour {rF+}
rPois    +         Spirit   .   (helmet restricted)
rElec    .         Reflect  .   n - +2 cloak
rCorr    .         Harm     .   y - +1 pair of gloves
MR       +++..                  l - +1 pair of boots
Stlth    ..........             (no amulet)
HPRegen  0.74/turn              h - ring of poison resistance
MPRegen  0.16/turn              L - ring of flight

@: lightly drained
A: walk on water, hooves 1, horns 1, regeneration 1, screaming 1
a: Smiting, Recall Orcish Followers, Give Item to Named Follower, Resurrection,
Renounce Religion, Evoke Flight


You were on level 2 of the Orcish Mines.
You worshipped Beogh.
Beogh was exalted by your worship.
You were hungry.

You visited 3 branches of the dungeon, and saw 19 of its levels.
You also visited: Volcano.

You collected 1784 gold pieces.
You spent 507 gold pieces at shops.

Inventory:

Hand Weapons
 a - a +3 trident
 C - the +5 trident of the Elven Halls (weapon) {freeze, MR++}
   (You bought it in a shop on level 10 of the Dungeon)

   It has been specially enchanted to freeze those struck by it, causing extra
   injury to most foes and up to half again as much damage against particularly
   susceptible opponents.
   It can also slow down cold-blooded creatures.
   It affects your resistance to hostile enchantments.
Armour
 b - a +0 scale mail
 c - a +0 kite shield
 l - a +1 pair of boots (worn)
 n - a +2 cloak (worn)
 p - a +1 plate armour
 r - a +0 helmet
 w - a +0 pair of gloves
 y - a +1 pair of gloves (worn)
 J - a +1 kite shield of fire resistance (worn)
 K - a +5 plate armour of fire resistance (worn)
 P - the +0 buckler "Amefobia" {*Slow +Blink rElec rC-}
   (You found it on level 4 of the Lair of Beasts)

   It makes you vulnerable to cold.
   It insulates you from electricity.
   It lets you blink.
   It may slow you when you take damage.
Jewellery
 h - a ring of poison resistance (left hand)
 i - an uncursed ring of protection from magic
 j - an uncursed ring of protection from fire
 k - an uncursed amulet of inaccuracy
 t - an uncursed ring of ice
 E - an uncursed ring of protection from magic
 G - an uncursed ring of resist corrosion
 L - a ring of flight (right hand)
 M - an uncursed ring of protection from magic
 N - an uncursed ring of stealth
 R - a +6 ring of intelligence
Wands
 q - a wand of disintegration (12)
 s - a wand of iceblast (36)
 x - a wand of enslavement (25)
 B - a wand of flame (72)
 D - a wand of polymorph (9)
 H - a wand of paralysis (12)
Scrolls
 e - 9 scrolls of identify
 m - 5 scrolls of teleportation
 u - 2 scrolls of blinking
 v - 7 scrolls of remove curse
 z - 4 scrolls of fog
 F - 3 scrolls of magic mapping
Potions
 d - a potion of might
 g - 2 potions of ambrosia
 o - 4 potions of flight
 A - 6 potions of curing
 I - 2 potions of berserk rage
 O - a potion of resistance
 Q - a potion of brilliance
 S - a potion of haste
 U - a potion of cancellation
 V - a potion of heal wounds
Comestibles
 f - 37 rations


   Skills:
 - Level 16.1(15.5) Fighting
 - Level 14.5(13.9) Polearms
 - Level 15.0(14.3) Armour
 - Level 10.0(9.4) Shields
 - Level 0.9(0.4) Invocations
 + Level 6.3(5.7) Evocations


You had 14 spell levels left.
You didn't know any spells.
Your spell library contained the following spells:

 Spells                   Type           Power        Failure   Level  Hunger
 Corona                   Hex            #......      100%        1    ##.....
 Foxfire                  Conj/Fire      #...         100%        1    ##.....
 Freeze                   Ice            #...         100%        1    ##.....
 Ensorcelled Hibernation  Hex/Ice        #.....       100%        2    ###....
 Confusing Touch          Hex            #.......     100%        3    ####...
 Conjure Flame            Conj/Fire      #.......     100%        3    ####...
 Dazzling Flash           Conj/Hex       #.....       100%        3    ####...
 Frozen Ramparts          Ice            #.....       100%        3    ####...
 Gell's Gravitas          Tloc           #.........   100%        3    ####...
 Inner Flame              Hex/Fire       #.......     100%        3    ####...
 Ozocubu's Armour         Chrm/Ice       #.......     100%        3    ####...
 Recall                   Summ/Tloc      N/A          100%        3    ####...
 Tukima's Dance           Hex            #.......     100%        3    ####...
 Animate Dead             Necr           N/A          100%        4    #####..
 Hailstorm                Conj/Ice       #.......     100%        4    #####..
 Petrify                  Tmut/Erth      #.......     100%        4    #####..
 Sticky Flame             Conj/Fire      #.......     100%        4    #####..
 Summon Ice Beast         Ice/Summ       #.......     100%        4    #####..
 Borgnjor's Vile Clutch   Necr/Erth      #.........   100%        5    ######.
 Fireball                 Conj/Fire      #.........   100%        5    ######.
 Metabolic Englaciation   Hex/Ice        #.........   100%        5    ######.
 Yara's Violent Unravell  Hex/Tmut       #.........   100%        5    ######.
 Death Channel            Necr           #.........   100%        6    #######
 Simulacrum               Ice/Necr       #.........   100%        6    #######


Dungeon Overview and Level Annotations

Branches:
Dungeon (11/15)            Temple (0/1) D:5            Lair (6/6) D:10
  Swamp (0/4) Lair:2       Spider (0/4) Lair:4        Slime (0/5) Lair:5
    Orc (2/2) D:11            Elf (0/3) Orc:2       Volcano (visited)

Altars:
Ashenzari
Cheibriados
Dithmenos
Fedhas
Makhleb
Ru
Vehumet
Yredelemnul
Beogh

Shops:
D:10 (   Orc:2 !%[(

Annotations:
Orc:2 Saint Roka


Innate Abilities, Weirdness & Mutations

You can walk on water.
You have large cloven feet.
You have a pair of small horns on your head.
Your natural rate of healing is unusually fast.
You occasionally shout uncontrollably at your foes.


Message History

Your orange demon stings Saint Roka but does no damage.
Attack whom?
Press: ? - help, Dir - move target cursor, f/p - Saint Roka
Aim: Saint Roka, wielding a +0 long sword and wearing a +0 chain mail (severely wounded, extremely poisoned)
You could not reach far enough!
Your orc warrior no longer looks unusually strong.
Your orc warrior hits Saint Roka but does no damage.
Your orc barely misses Saint Roka.
Your orc warrior hits Saint Roka with a +0 short sword.
Attack whom?
Press: ? - help, Dir - move target cursor, f/p - Saint Roka
Aim: Saint Roka, wielding a +0 long sword and wearing a +0 chain mail (almost dead, extremely poisoned)
You could not reach far enough!
Your orc high priest hits Saint Roka from afar with a +0 glaive.
Your orc barely misses Saint Roka.
Your orange demon stings Saint Roka from afar.
Saint Roka mumbles some strange prayers to Beogh against you.
Beogh smites you!
You die...
Beogh appreciates Saint Roka's killing of a heretic priest. #...........#...oo.ooo ##.o.#####....#.o.ooooo #.o###._.###...oooo.o.o ##o##∩.....∩##..oooooo.. ##o.# 8)).8 #ooo.oooo.. ##o.#####...# ##ooooooo.. #...#...#ooo# #oooo.oo.. ##..#...)ooo+ #.oo.oo... ##..#...#@o4# #ooo.oo... #..o## #o84# #ooo.oo... #..o# #o4o# #ooo.oo... ######o.# +ooo+ #ooooo.... ##.#.##o.# #ooo#

#ooo...... ###o.o.oo..# ##)oo##
#o.o...... .oo.....#..# #8..o8#
##o.o.....o
o#+###..##..###...o.###ooo......4
## ##.# ....##'''##.o...#.....o


You could see Saint Roka (extremely poisoned), a friendly orc warlord, a
friendly orc high priest, a friendly orange demon (summoned), a friendly rust
devil (summoned), a friendly chaos spawn (summoned), 2 friendly orc sorcerers, 4
friendly orc warriors, 2 friendly orc priests, 2 friendly orc wizards and 7
friendly orcs.

Vanquished Creatures
  Nessos (Lair:4)
  A red draconian (Volcano)
  The ghost of Delamore the Bludgeoner, a journeyman GrFi of Okawaru (Lair:3)
  Snorg (Lair:6)
  2 hydras
  Harold (D:10)
  Erica (D:8)
  5 death yaks (Lair:6)
  A salamander mystic (Volcano)
  An oklob plant (Lair:5)
  5 salamanders (Volcano)
  An ugly thing (D:11)
  2 manticores
  13 elephants
  A torpor snail (Lair:6)
  3 black mambas
  Joseph (D:7)
  10 spiny frogs
  A centaur skeleton (D:10)
  5 rime drakes
  3 komodo dragons
  A merfolk (D:10)
  5 jumping spiders (Lair:4)
  2 hornets
  4 blink frogs
  2 trolls
  7 hippogriffs
  6 dream sheep
  A spriggan (Lair:1)
  4 redbacks (Lair:4)
  3 wyverns (Lair:5)
  36 yaks
  A basilisk (Lair:2)
  Menkaure (D:7)
  5 wargs
  12 water moccasins
  11 porcupines
  3 orc warriors
  3 black bears (D:10)
  2 ice beasts
  4 phantoms
  9 ogres
  2 centaurs
  13 wolves
  9 crocodiles
  A big kobold (D:11)
  15 bullfrogs
  3 gnoll sergeants
  3 scorpions
  2 wights (D:9)
  5 killer bees
  A howler monkey (D:9)
  4 crimson imps
  3 hounds
  2 quasits
  6 jellies
  5 orc priests
  2 bullfrog skeletons
  A gnoll shaman (D:7)
  Ijyb (D:3)
  8 orc wizards
  Natasha (twice) (D:2)
  7 worker ants
  6 iguanas
  4 hound zombies
  A hound skeleton (D:5)
  8 adders
  23 gnolls
  3 shadow imps
  An ooze (D:4)
  An adder zombie (D:6)
  4 worms
  A dart slug (D:1)
  8 leopard geckos
  20 orcs
  A ball python (D:3)
  8 bats
  8 giant cockroaches
  7 goblins
  4 hobgoblins
  7 jackals
  3 quokkas
  6 frilled lizards
  15 kobolds
  A quokka skeleton (D:9)
  15 rats
  A fungus (Lair:4)
  4 plants (Lair:1)
437 creatures vanquished.

Vanquished Creatures (collateral kills)
  A dire elephant (Lair:6)
  3 hydras
  A catoblepas (Lair:6)
  A two-headed ogre (D:9)
  4 death yaks (Lair:6)
  A fire crab (Lair:6)
  2 unseen horrors (D:11)
  An orc knight (Orc:2)
  An orc sorcerer (Orc:2)
  A cyclops (D:11)
  A manticore (Lair:6)
  3 black mambas
  A torpor snail (Lair:6)
  7 elephants
  An eye of devastation (Lair:5)
  9 spiny frogs
  3 rime drakes
  A komodo dragon (Lair:6)
  3 trolls
  4 dream sheep (Lair:3)
  5 hippogriffs
  A redback (Lair:4)
  13 yaks
  A hungry ghost (D:10)
  A basilisk (Lair:1)
  5 wargs
  4 water moccasins
  5 porcupines
  6 orc warriors
  An eye of draining (Lair:5)
  4 ogres
  22 wolves
  2 centaurs (D:11)
  A big kobold (D:10)
  6 crocodiles
  3 bullfrogs
  A scorpion (D:11)
  2 killer bees (D:9)
  A wight (D:9)
  A howler monkey (D:9)
  A crimson imp (D:11)
  A hound (D:10)
  A jelly (D:10)
  2 orc priests (D:11)
  7 orc wizards
  An adder (D:9)
  2 adder skeletons
  6 orcs
  3 kobolds
  3 fungi
  2 plants
163 creatures vanquished.

Vanquished Creatures (others)
  5 orc warriors
  7 orc wizards
  4 orc priests
  31 orcs
  A quokka (D:4)
  A bush (Lair:6)
  6 fungi
  5 plants
60 creatures vanquished.

Grand Total: 660 creatures vanquished

Notes
Turn   | Place    | Note
-------+----------+-------------------------------------------
     0 | D:1      | Curus the Hill Orc Fighter began the quest for the Orb.
     0 | D:1      | Reached XP level 1. HP: 19/19 MP: 1/1
   142 | D:1      | Reached XP level 2. HP: 26/26 MP: 2/2
   430 | D:1      | Reached XP level 3. HP: 18/31 MP: 3/3
  1233 | D:2      | Noticed Natasha
  1267 | D:2      | Killed Natasha
  1267 | D:2      | Reached XP level 4. HP: 25/39 MP: 4/4
  1306 | D:2      | Reached skill level 5 in Polearms
  1350 | D:2      | Noticed Natasha
  1360 | D:2      | Killed Natasha
  1851 | D:2      | Reached XP level 5. HP: 45/45 MP: 5/5
  2007 | D:3      | You are sucked into a shaft and drop 2 floors!
  2007 | D:5      | Entered Level 5 of the Dungeon
  2008 | D:5      | Noticed an ice beast
  2012 | D:5      | Killed an ice beast
  2064 | D:4      | Reached XP level 6. HP: 37/51 MP: 6/6
  2168 | D:4      | Became a worshipper of Beogh the Brigand
  2674 | D:3      | Found a radiant altar of Vehumet.
  2868 | D:3      | Noticed Ijyb
  2902 | D:3      | Killed Ijyb
  2902 | D:3      | Reached * piety under Beogh
  3028 | D:3      | Found a blossoming altar of Fedhas.
  3038 | D:3      | You fall into a shaft and drop 2 floors!
  3075 | D:4      | Reached XP level 7. HP: 54/57 MP: 7/7
  3112 | D:4      | Found a shattered altar of Ashenzari.
  3875 | D:5      | Found a staircase to the Ecumenical Temple.
  4359 | D:5      | Reached XP level 8. HP: 37/64 MP: 8/8
  4732 | D:6      | Reached skill level 10 in Polearms
  5300 | D:6      | Reached ** piety under Beogh
  5683 | D:7      | Noticed Menkaure
  5689 | D:7      | Killed Menkaure
  5808 | D:7      | Noticed Joseph
  5826 | D:7      | Killed Joseph
  5826 | D:7      | Reached XP level 9. HP: 63/70 MP: 9/9
  6181 | D:7      | Found a burning altar of Makhleb.
  6534 | D:7      | Reached *** piety under Beogh
  6638 | D:8      | Noticed Erica
  6659 | D:8      | Killed Erica
  6659 | D:8      | Reached XP level 10. HP: 50/77 MP: 10/10
  6665 | D:8      | Reached skill level 4 in Fighting
  6688 | D:8      | Gained mutation: You have large cloven feet. [potion of
                  | mutation]
  6688 | D:8      | Gained mutation: Your natural rate of healing is unusually
                  | fast. [potion of mutation]
  6688 | D:8      | Gained mutation: You occasionally shout uncontrollably at
                  | your foes. [potion of mutation]
  6688 | D:8      | Gained mutation: You have a pair of small horns on your
                  | head. [potion of mutation]
  6863 | D:8      | Found a snail-covered altar of Cheibriados.
  7056 | D:8      | Reached skill level 5 in Fighting
  7302 | D:8      | Found a shadowy altar of Dithmenos.
  7302 | D:8      | Found a basalt altar of Yredelemnul.
  7369 | D:9      | Found a sacrificial altar of Ru.
  7377 | D:9      | Noticed a two-headed ogre
  7387 | D:9      | Killed a two-headed ogre
  7387 | D:9      | Reached skill level 6 in Fighting
  7387 | D:9      | Reached skill level 5 in Armour
  7515 | D:9      | Reached skill level 7 in Fighting
  7531 | D:9      | Reached **** piety under Beogh
  7930 | D:10     | Entered Level 10 of the Dungeon
  7974 | D:10     | Noticed Harold
  7996 | D:10     | Killed Harold
  7996 | D:10     | Reached skill level 8 in Fighting
  7996 | D:10     | Reached XP level 11. HP: 95/95 MP: 11/11
  8033 | D:10     | Noticed a wizard
  8033 | D:10     | Noticed a brown ugly thing
  8035 | D:10     | Found the amulet of the Four Winds {rN+ MR+++ Clar}
  8035 | D:10     | Noticed a two-headed ogre
  8035 | D:10     | Noticed an ogre mage
  8097 | D:10     | Found Usihor's Antique Weapon Boutique.
  8102 | D:10     | Bought a crystal trident for 153 gold pieces
  8102 | D:10     | Identified the +5 trident of the Elven Halls {freeze, MR++}
                  | (You bought it in a shop on level 10 of the Dungeon)
  8221 | D:10     | Reached skill level 9 in Fighting
  8250 | D:10     | Found a staircase to the Lair.
  8330 | Lair:1   | Entered Level 1 of the Lair of Beasts
  8384 | Lair:1   | Gained Bogdan as an ally
  8391 | Lair:1   | Reached skill level 1 in Evocations
  8467 | Lair:1   | Reached ***** piety under Beogh
  8611 | Lair:1   | Reached skill level 5 in Shields
  8775 | Lair:1   | Noticed an eight-headed hydra
  8785 | Lair:1   | Killed an eight-headed hydra
  9547 | Lair:2   | Reached XP level 12. HP: 104/105 MP: 15/15
  9682 | Lair:2   | Found a staircase to the Swamp.
  9683 | Lair:2   | Noticed a four-headed hydra
  9696 | Lair:2   | Killed a four-headed hydra
  9869 | Lair:2   | Noticed a six-headed hydra
  9874 | Lair:2   | Killed a six-headed hydra
  9963 | Lair:2   | Reached skill level 10 in Shields
 10345 | Lair:3   | Reached skill level 10 in Fighting
 10482 | Lair:3   | Noticed a four-headed hydra
 10484 | Lair:3   | Killed a four-headed hydra
 10687 | Lair:3   | Reached skill level 10 in Armour
 10716 | Lair:3   | Found a dark tunnel.
 10723 | Volcano  | Entered a volcano
 10759 | Volcano  | Reached skill level 11 in Fighting
 10825 | Volcano  | Noticed a red draconian
 10849 | Volcano  | Killed a red draconian
 10849 | Volcano  | Reached XP level 13. HP: 94/116 MP: 16/16
 11134 | Lair:3   | Found a runed translucent door.
 11134 | Lair:3   | Noticed Delamore's ghost (journeyman GrFi)
 11343 | Lair:3   | Reached skill level 12 in Fighting
 11670 | Lair:3   | Killed Delamore's ghost
 11992 | Lair:4   | Found a hole to the Spider Nest.
 12016 | Lair:4   | Noticed Nessos
 12039 | Lair:4   | Killed Nessos
 12039 | Lair:4   | Reached skill level 13 in Fighting
 12318 | Lair:4   | Got a faintly humming buckler
 12737 | Lair:3   | Identified the +0 buckler "Amefobia" {*Slow +Blink rElec
                  | rC-} (You found it on level 4 of the Lair of Beasts)
 12755 | Lair:4   | Reached ****** piety under Beogh
 13339 | Lair:5   | Found a staircase to the Slime Pits.
 13581 | Lair:5   | Reached skill level 14 in Fighting
 14050 | Lair:6   | Entered Level 6 of the Lair of Beasts
 14050 | Lair:6   | Noticed Snorg
 14052 | Lair:6   | Reached XP level 14. HP: 132/132 MP: 17/17
 14064 | Lair:6   | Killed Snorg
 14499 | Lair:6   | Reached skill level 15 in Fighting
 14763 | Lair:6   | Noticed a dire elephant
 14771 | Lair:6   | Killed a dire elephant
 15774 | D:10     | Bought a polished broad axe for 162 gold pieces
 15774 | D:10     | Identified the +3 broad axe "Tuczot" {freeze, rElec rF-
                  | Str+8 SInv} (You bought it in a shop on level 10 of the
                  | Dungeon)
 15883 | D:11     | Gained Ugbert as an ally
 15886 | D:11     | Your ally Ugbert died
 15950 | D:11     | Reached skill level 16 in Fighting
 16044 | D:11     | Gained Bogdar as an ally
 16058 | D:11     | Found a staircase to the Orcish Mines.
 16076 | D:11     | Your ally Bogdar died
 16079 | D:11     | Reached skill level 15 in Armour
 16084 | Orc:1    | Entered Level 1 of the Orcish Mines
 16210 | Orc:2    | Entered Level 2 of the Orcish Mines
 16215 | Orc:2    | Gained Learuk as an ally
 16224 | Orc:2    | Reached skill level 5 in Evocations
 16275 | Orc:2    | Noticed an orc warlord
 16537 | Orc:1    | Gained Bogric as an ally
 16732 | Orc:2    | Found a staircase to the Elven Halls.
 16760 | Orc:2    | Found a roughly hewn altar of Beogh.
 16777 | Orc:2    | Reached XP level 15. HP: 144/144 MP: 19/19
 16914 | Orc:2    | Found a roughly hewn altar of Beogh.
 16916 | Orc:2    | Found Fefiugoan's Food Shop.
 16953 | Orc:2    | Found a roughly hewn altar of Beogh.
 16979 | Orc:2    | Gained Gorg as an ally
 17178 | Orc:2    | Found a roughly hewn altar of Beogh.
 17180 | Orc:2    | Found Lotofela's Distillery.
 17186 | Orc:2    | Bought a potion of cancellation for 96 gold pieces
 17186 | Orc:2    | Bought a potion of curing for 36 gold pieces
 17186 | Orc:2    | Bought a potion of heal wounds for 60 gold pieces
 17464 | Orc:2    | Noticed Saint Roka
 17466 | Orc:2    | Found Tunkin's Antique Armour Emporium.
 17468 | Orc:2    | Found a roughly hewn altar of Beogh.
 17470 | Orc:2    | Found Siynoty's Antique Weapon Shoppe.
 17485 | Orc:2    | Killed from afar by Saint Roka

Illustrated notes

Levels and vault maps discovered:
D:1:      lightli_arrival_lavapool, layout_basic
D:2:      layout_basic, uniq_natasha
D:3:      layout_basic, grunt_temple_overflow_open, uniq_ijyb
D:4:      layout_basic, lemuel_doored_altar
D:5:      layout_loops_ring, minmay_temple_entry_large_hall, first_ration
D:6:      layout_loops_cross
D:7:      layout_basic, kennysheep_mini_moat, enter_bailey_2, uniq_joseph,
          uniq_menkaure
D:8:      layout_loops_cross, kennysheep_mini, gammafunk_temple_overflow_statue,
          uniq_erica
D:9:      layout_rooms, nicolae_overflow_crystal_walls,
          hangedman_abyss_or_decor_clamps, minmay_misc_feat_four_crosses
D:10:     layout_rooms, due_lair_maze_entry_diamond, roderic_lattice_a,
          hangedman_fish_farm, minmay_shop_grid_forest, minivault_12,
          uniq_harold
D:11:     layout_basic, david_orc_3, st_stairs_10, minmay_between,
          uniq_josephine
Lair:1:   layout_chaotic_city, wad_woods_03
Lair:2:   layout_chaotic_city, minmay_swamp_entry_reptiles, grunt_megastairs_2
Lair:3:   layout_regular_city, ebering_ghost_reflecting_pool, enter_volcano_4
Lair:4:   layout_long_grid, nicolae_spider_entry_tight_spaces,
          minmay_lair_drake_nest, uniq_nessos
Lair:5:   layout_regular_city, minmay_slime_entry_eyes, beast_lair_carwin_2
Lair:6:   hangedman_lair_in_review, layout_gridlike, uniq_snorg
Orc:1:    layout_diamond_mine
Orc:2:    grunt_orc_community_town_hall, layout_caves,
          grunt_orc_community_big_house_2, grunt_orc_community_big_house_2,
          grunt_orc_community_house_2, grunt_orc_community_house_2,
          grunt_orc_community_house_1, grunt_orc_community_house_3,
          grunt_orc_community_house_2, guppyfry_library_mini

Skill      XL: |  1  2  3  4  5  6  7  8  9 10 11 12 13 14 15 |
---------------+----------------------------------------------+-----
Polearms       | 3 4 5 6 8 9 12 14 | 14.5
Fighting       | 8 9 11 14 16 | 16.1
Armour         | 7 8 10 13 15 | 15.0
Evocations     | 4 5 6 |  6.3
Shields        | 7 10 | 10.0
Invocations    | |  0.9

Action                   |  1- 3 |  4- 6 |  7- 9 | 10-12 | 13-15 || total
-------------------------+-------+-------+-------+-------+-------++-------
Melee: Trident           |   156 |   236 |   491 |   593 |   796 ||  2272
       Headbutt          |       |       |       |   119 |   175 ||   294
Invok: Convert to Beogh  |       |     1 |       |       |       ||     1
       Give Item to Name |       |       |       |       |     1 ||     1
Evoke: Wand              |       |       |       |       |     6 ||     6
  Use: Scroll            |     4 |     4 |     4 |     2 |     5 ||    19
       Potion            |       |     3 |     4 |     2 |     4 ||    13
 Stab: Distracted        |       |       |       |     1 |     3 ||     4
       Paralysed         |       |       |       |       |     1 ||     1
  Eat: Chunk             |     1 |     7 |     8 |    16 |    21 ||    53
       Ration            |       |       |     1 |       |       ||     1
Armor: Scale mail        |    63 |    65 |       |       |       ||   128
       Plate armour      |       |    88 |   199 |   191 |   366 ||   844
Dodge: Dodged            |    53 |    43 |    31 |    55 |   114 ||   296
Block: Kite shield       |    71 |   116 |   133 |   139 |   337 ||   796
